[ AOE2 MATCH · #483201213 ]
1v1 RMFranks vs Aztecs
Player's team · WIN
Rival team · LOSS
[ REPLAY ANALYSIS · EXTRACTED FROM THE RECORDED GAME ]
Feudal
9:36
Castle
21:14
Imperial
—
| APM avg | 31.2 |
| APM peak | 63 |
| eAPM avg | 12.1 |
| Villagers / military | 48 / 14 |
Focus
⚔️ 22.8% · 🌾 77.2%
Knight ×8 · Scout Cavalry ×5 · Battering Ram ×1
Feudal
13:34
Castle
—
Imperial
—
| APM avg | 17.5 |
| APM peak | 66 |
| eAPM avg | 8.9 |
| Villagers / military | 27 / 11 |
Focus
⚔️ 16.2% · 🌾 83.8%
Spearman ×8 · Skirmisher ×3
Match map
Initial resources + every placement click. Lines = walls · curves = elevation contours. ◆ gold · ⬟ stone · ● berries · ✦ relic · ◌ wall gap
Your base· ✓ Closed at 21:14 · 36t walls · 1 gate(s)
Megaherz's base· Open — unwalled flank
Smoothed initial terrain · ◌ = detected wall gap · hover for details
Inputs per minute
— Xavyyy - - Megaherz
Build order — Xavyyy
123 actions detected in the replay
| 0:03 | Create | Villager (Male) ×4 |
| 0:08 | Build | House |
| 0:09 | Build | House |
| 1:30 | Create | Villager (Male) |
| 1:52 | Build | Lumber Camp |
| 2:06 | Create | Villager (Male) |
| 2:07 | Create | Villager (Male) |
| 2:27 | Create | Villager (Male) |
| 2:27 | Create | Villager (Male) |
| 3:01 | Create | Villager (Male) |
| 3:28 | Create | Villager (Male) |
| 3:34 | Build | House |
| 3:51 | Create | Villager (Male) |
| 3:51 | Create | Villager (Male) |
| 4:18 | Create | Villager (Male) |
| 4:18 | Create | Villager (Male) |
| 4:34 | Build | Mill |
| 4:42 | Create | Villager (Male) |
| 5:08 | Create | Villager (Male) |
| 5:26 | Create | Villager (Male) |
| 5:57 | Create | Villager (Male) |
| 6:25 | Create | Villager (Male) |
| 7:01 | Research | Loom |
| 7:17 | Research | Feudal Age |
| 7:35 | Build | House |
| 8:24 | Build | Farm |
| 8:27 | Create | Villager (Male) |
| 8:27 | Create | Villager (Male) |
| 9:07 | Build | Barracks |
| 9:36 | Age | Feudal Age |
| 9:49 | Build | Farm |
| 9:57 | Research | Double-Bit Axe |
| 10:19 | Build | Stable |
| 10:25 | Create | Villager (Male) |
| 10:32 | Build | House |
| 10:36 | Build | Farm |
| 10:47 | Create | Villager (Male) |
| 10:59 | Build | Palisade Wall |
| 11:01 | Build | Palisade Gate |
| 11:04 | Create | Scout Cavalry |
| 11:24 | Create | Villager (Male) |
| 11:34 | Create | Scout Cavalry |
| 11:50 | Create | Villager (Male) |
| 11:51 | Build | Farm |
| 11:53 | Build | Farm |
| 11:56 | Build | Farm |
| 11:57 | Build | Farm |
| 11:59 | Build | House |
| 12:07 | Create | Scout Cavalry |
| 12:17 | Create | Villager (Male) |
| 12:32 | Create | Villager (Male) |
| 12:49 | Create | Villager (Male) |
| 13:07 | Create | Scout Cavalry |
| 13:30 | Create | Villager (Male) |
| 13:34 | Build | Blacksmith |
| 13:41 | Build | Farm |
| 13:45 | Build | Farm |
| 13:47 | Build | Farm |
| 13:50 | Build | House |
| 13:57 | Create | Scout Cavalry |
| 14:02 | Create | Villager (Male) |
| 14:11 | Build | House |
| 14:12 | Build | House |
| 14:26 | Build | House |
| 14:30 | Build | Palisade Wall |
| 14:33 | Build | Mining Camp |
| 14:57 | Build | Farm |
| 14:57 | Build | Farm |
| 14:57 | Build | Farm |
| 14:58 | Build | Farm |
| 15:01 | Build | House |
| 15:04 | Build | House |
| 15:10 | Create | Villager (Male) |
| 15:10 | Create | Villager (Male) |
| 15:19 | Build | Palisade Wall |
| 15:22 | Build | House |
| 15:24 | Build | Palisade Wall |
| 15:35 | Create | Villager (Male) |
| 15:44 | Create | Villager (Male) |
| 16:15 | Create | Villager (Male) |
| 16:20 | Build | House |
| 16:27 | Create | Villager (Male) |
| 16:32 | Build | Farm |
| 16:34 | Build | Farm |
| 16:40 | Build | House |
| 16:42 | Build | Farm |
| 17:15 | Build | House |
| 17:39 | Create | Villager (Male) |
| 17:49 | Build | Market |
| 17:53 | Create | Villager (Male) |
| 18:01 | Build | Farm |
| 18:02 | Build | Farm |
| 18:28 | Build | House |
| 18:34 | Research | Castle Age |
| 18:44 | Build | Stable |
| 19:05 | Build | Palisade Wall |
| 19:13 | Research | Forging |
| 19:59 | Build | House |
| 20:39 | Create | Villager (Male) |
| 20:59 | Create | Villager (Male) |
| 21:14 | Age | Castle Age |
| 21:16 | Build | Palisade Wall |
| 21:27 | Build | Town Center |
| 21:32 | Create | Knight |
| 21:32 | Create | Knight |
| 21:32 | Create | Knight |
| 21:38 | Create | Villager (Male) |
| 21:52 | Research | Bow Saw |
| 22:37 | Build | Siege Workshop |
| 22:46 | Create | Villager (Male) |
| 22:48 | Create | Knight |
| 22:49 | Create | Knight |
| 22:49 | Create | Knight |
| 22:51 | Create | Villager (Male) |
| 23:07 | Build | Mining Camp |
| 23:12 | Create | Villager (Male) |
| 23:13 | Create | Villager (Male) |
| 23:13 | Create | Villager (Male) |
| 23:41 | Create | Battering Ram |
| 23:46 | Create | Knight |
| 23:47 | Create | Knight |
| 23:53 | Create | Villager (Male) |
| 24:09 | Research | Iron Casting |
Build order — Megaherz
93 actions detected in the replay
| 0:10 | Build | House |
| 0:11 | Build | House |
| 0:12 | Build | House |
| 0:18 | Build | Mill |
| 0:21 | Create | Villager (Male) |
| 0:21 | Create | Villager (Male) |
| 0:21 | Create | Villager (Male) |
| 0:22 | Create | Villager (Male) |
| 1:04 | Research | Loom |
| 2:03 | Create | Villager (Male) |
| 2:49 | Create | Villager (Male) |
| 3:00 | Create | Villager (Male) |
| 3:24 | Create | Villager (Male) |
| 3:25 | Create | Villager (Male) |
| 3:56 | Create | Villager (Male) |
| 4:04 | Create | Villager (Male) |
| 4:23 | Create | Villager (Male) |
| 4:44 | Build | House |
| 4:45 | Build | House |
| 4:53 | Create | Villager (Male) |
| 5:14 | Create | Villager (Male) |
| 5:31 | Build | Lumber Camp |
| 5:51 | Build | Outpost |
| 5:58 | Create | Villager (Male) |
| 6:04 | Create | Villager (Male) |
| 6:14 | Build | House |
| 6:23 | Build | Palisade Gate |
| 6:26 | Build | House |
| 6:30 | Create | Villager (Male) |
| 6:45 | Create | Villager (Male) |
| 7:16 | Build | House |
| 7:40 | Build | Palisade Wall |
| 7:51 | Create | Villager (Male) |
| 8:01 | Build | Mill |
| 8:21 | Create | Villager (Male) |
| 8:34 | Create | Villager (Male) |
| 9:39 | Build | House |
| 9:41 | Build | House |
| 9:43 | Build | House |
| 9:45 | Build | House |
| 9:52 | Build | House |
| 9:54 | Build | House |
| 10:01 | Build | House |
| 10:03 | Build | House |
| 10:09 | Build | House |
| 10:17 | Build | House |
| 11:24 | Research | Feudal Age |
| 11:31 | Build | Mining Camp |
| 12:06 | Create | Villager (Male) |
| 12:39 | Build | House |
| 12:42 | Build | House |
| 13:02 | Build | House |
| 13:06 | Build | House |
| 13:16 | Build | House |
| 13:34 | Age | Feudal Age |
| 13:37 | Build | House |
| 13:56 | Build | Watch Tower |
| 14:16 | Build | Barracks |
| 14:18 | Build | Barracks |
| 14:24 | Create | Villager (Male) |
| 14:40 | Build | Stone Wall |
| 14:53 | Build | Gate |
| 15:19 | Build | Gate |
| 16:02 | Build | Watch Tower |
| 16:18 | Build | Farm |
| 16:19 | Build | Farm |
| 16:20 | Build | Farm |
| 16:22 | Build | Farm |
| 17:28 | Build | Watch Tower |
| 17:40 | Build | House |
| 18:29 | Build | Archery Range |
| 19:20 | Build | Watch Tower |
| 19:49 | Build | Market |
| 20:06 | Create | Skirmisher |
| 20:06 | Create | Skirmisher |
| 20:13 | Create | Skirmisher |
| 20:20 | Create | Spearman |
| 20:52 | Build | Watch Tower |
| 21:12 | Create | Villager (Male) |
| 21:13 | Create | Villager (Male) |
| 21:13 | Create | Villager (Male) |
| 21:35 | Create | Spearman |
| 21:35 | Create | Spearman |
| 21:54 | Create | Villager (Male) |
| 22:32 | Create | Spearman |
| 22:52 | Build | Farm |
| 22:53 | Build | Farm |
| 22:55 | Build | Farm |
| 23:06 | Create | Spearman |
| 23:07 | Create | Spearman |
| 23:24 | Build | Farm |
| 23:41 | Create | Spearman |
| 23:41 | Create | Spearman |
Match timeline
| 7:40 | Megaherz · wall_segment Palisade Wall x5 |
| 9:07 | Xavyyy · first_building Barracks |
| 9:36 | Xavyyy · age_up feudal |
| 10:19 | Xavyyy · first_building Stable |
| 10:59 | Xavyyy · wall_segment Palisade Wall x7 |
| 13:34 | Megaherz · age_up feudal |
| 14:16 | Megaherz · first_building Barracks |
| 14:30 | Xavyyy · wall_segment Palisade Wall x9 |
| 14:40 | Megaherz · wall_segment Stone Wall x14 |
| 15:19 | Xavyyy · wall_segment Palisade Wall x6 |
| 15:24 | Xavyyy · wall_segment Palisade Wall x4 |
| 18:29 | Megaherz · first_building Archery Range |
| 19:05 | Xavyyy · wall_segment Palisade Wall x10 |
| 21:14 | Xavyyy · age_up castle |
| 21:16 | Xavyyy · wall_segment Palisade Wall x11 |
| 22:37 | Xavyyy · first_building Siege Workshop |
| 23:02 | Xavyyy · first_market_buy 100 wood |
| 23:35 | Xavyyy · first_market_sell 100 food |
| 24:11 | Megaherz · resign |
[ AI ANALYSIS · 1 CREDIT ]
What really happened in this match?
Wolo.gg analyzes every decision: build order, eco, micro, common mistakes by bracket. Personalized analysis on WhatsApp or Discord in 30 seconds.
Civ guide
Franks
Map guide
Arabia
Perfil
Jugador #2997421